 Seeded DCSS version 0.29-a0-371-g91724d5b39 (webtiles) character file.

Game seed: 3853640191977401903 (custom seed)

104 zeratav the Insei (level 4, -2/28 HPs)
             Began as an Octopode Transmuter on May 2, 2022.
             Slain by a phantom (3 damage)
             ... on level 4 of the Dungeon.
             The game lasted 00:07:41 (4873 turns).

zeratav the Insei (Octopode Transmuter)             Turns: 4873, Time: 00:07:42

Health: -2/28      AC:  5    Str:  9    XL:     4   Next: 80%
Magic:  7/7        EV: 13    Int: 17    God:
Gold:   910        SH:  0    Dex: 12    Spells: 2/7 levels left

rFire   . . .      SeeInvis +     - Unarmed
rCold   . . .      Faith    .   (no shield)
rNeg    + . .      Spirit   .   (helmet restricted)
rPois   .          Reflect  .   k - amulet of magic regeneration {@e2}
rElec   +          Harm     .   f - ring "Budy" {rElec rN+ SInv}
rCorr   .          Rampage  .   i - +4 ring of protection
Will    .....                   (no ring)
Stlth   ++........              (no ring)
HPRegen 0.09/turn               (no ring)
MPRegen 0.50/turn               (no ring)
                                (no ring)
                                (no ring)

@: no status effects
A: almost no armour, amphibious, 8 rings, camouflage 1, gelatinous body 1,
(nimble swimmer 1), tentacles
a: no special abilities


You were on level 4 of the Dungeon.
You visited 1 branch of the dungeon, and saw 4 of its levels.

You collected 910 gold pieces.


Innate Abilities, Weirdness & Mutations

You cannot wear most types of armour.
You are amphibious.
You can wear up to eight rings at the same time.
Your skin changes colour to match your surroundings (Stealth+).
Your rubbery body absorbs attacks. (AC +1, EV +1)
((You are camouflaged when in or above water. (Stealth+)))
You have tentacles for arms and can constrict up to eight enemies at once.


   Skills:
 - Level 1.0 Fighting
 - Level 2.0 Dodging
 - Level 3.6 Unarmed Combat
 - Level 2.0 Spellcasting
 + Level 3.6 Summonings
 - Level 2.0 Transmutations


You had 2 spell levels left.
You knew the following spells:

 Your Spells              Type           Power      Damage    Failure   Level
a - Summon Small Mammal   Summ           56%        N/A       4%          1
b - Call Canine Familiar  Summ           14%        N/A       13%         3
c - Beastly Appendage     Tmut           16%        N/A       9%          1

Your spell library contained the following spells:

 Spells                   Type           Power      Damage    Failure   Level
 Call Imp                 Summ           14%        N/A       6%          2
 Wereblood                Tmut           8%         N/A       13%         2
 Sublimation of Blood     Necr           1%         N/A       28%         2
 Spider Form              Tmut/Pois      5%         N/A       36%         3
 Gell's Gravitas          Tloc           1%         N/A       50%         3
 Lesser Beckoning         Tloc           1%         N/A       50%         3
 Portal Projectile        Hex/Tloc       2%         N/A       50%         3
 Teleport Other           Tloc           1%         N/A       50%         3
 Ice Form                 Ice/Tmut       5%         N/A       77%         4
 Olgreb's Toxic Radiance  Pois           1%         N/A       88%         4
 Blade Hands              Tmut           4%         N/A       93%         5
 Excruciating Wounds      Necr           0%         N/A       99%         5
 Summon Cactus Giant      Summ           7%         N/A       100%        6
 Haunt                    Necr/Summ      3%         N/A       100%        7
 Malign Gateway           Summ/Tloc      3%         N/A       100%        7
 Summon Hydra             Summ           7%         N/A       100%        7

Inventory:

Jewellery
 f - the ring "Budy" (left tentacle) {rElec rN+ SInv}
   (You acquired it on level 1 of the Dungeon)

   [ring of see invisible]

   rElec:     It insulates you from electricity.
   rN:        It protects you from negative energy.
   SInv:      It lets you see invisible.
 i - a +4 ring of protection (right tentacle)
   (You found it on level 2 of the Dungeon)
 k - an amulet of magic regeneration (around mantle) {@e2}
   (You found it on level 3 of the Dungeon)
Scrolls
 b - a scroll of magic mapping {unknown}
 c - 4 scrolls of teleportation {unknown}
 d - 5 scrolls of identify {unknown}
 g - 3 scrolls of immolation {!r!r}
 h - a scroll of fog {unknown}
 j - a scroll of amnesia {unknown}
Potions
 a - a potion of lignification {!q}
 e - a potion of invisibility {unknown}
 l - a potion of brilliance {unknown}

Dungeon Overview and Level Annotations

Branches:
Dungeon (4/15)
 Temple: D:4-7

Altars:
Gozag

Shops:
D:1 (([!   D:2 !

Annotations:
D:3 3 runed translucent doors, Shayle's ghost, amateur TeBr

....... #.....#####.
.......## #..###......
...#....###### ####......
............# #.....^...
............####.....####
..>...#.rh.ยง.............
......#####..............
......#..................
........@................
........Wg..####......#..
..[.........# #....#.###
...........# #....#.#
....##....... ....<#.###
.... ......... .... .##
$.......... ....
........### .### ....


You could see a phantom and a goblin.


Message History

Your quokka disappears in a puff of smoke!
MP[-1]
You lost 1 mp, and now have 5/7 mp.
Casting: Summon Small Mammal (safe; 4% risk of failure)
Confirm with . or Enter, or press ? or * to list all spells.
The spell is quite dangerous to miscast (13% risk of failure)!
Continue anyway?
The phantom hits your quokka.
Your quokka dies!
Your quokka's corpse disappears in a puff of smoke!
MP[-2]
You lost 2 mp, and now have 3/7 mp.
Your rat misses the phantom.
Your hound bites the phantom.
MP[+1]
Your hound barely misses the phantom.
Your hound bites the phantom.
Your rat bites the phantom but does no damage.
MP[+1] MP[+1]
Your hound closely misses the phantom.
Your hound bites the phantom.
The phantom closely misses you.
MP[+1]
Your mp is fully restored (7).
You tentacle-slap the phantom but do no damage.
You tentacle-slap the phantom.
Your hound bites the phantom.
The phantom hits you.
Your hound bites the phantom.
HP[-3]
You take 3 damage, and now have 25/28 hp.
You closely miss the phantom. Your squeeze misses the phantom.
The phantom misses you.
Your hound closely misses the phantom.
You barely miss the phantom.
Your hound closely misses the phantom.
The phantom barely misses you.
You tentacle-slap the phantom. Your squeeze misses the phantom.
Your hound bites the phantom.
The phantom closely misses you.
Your hound closely misses the phantom.
You tentacle-slap the phantom but do no damage.
Your hound barely misses the phantom.
The phantom hits you but does no damage.
HP[+1]
You barely miss the phantom.
Your hound closely misses the phantom.
The phantom hits you.
Your hound bites the phantom.
HP[-5]
You take 5 damage, and now have 21/28 hp.
You tentacle-slap the phantom but do no damage.
Your hound barely misses the phantom.
The phantom hits you.
HP[-3]
You take 3 damage, and now have 18/28 hp.
You barely miss the phantom. Your squeeze misses the phantom.
Your hound barely misses the phantom.
The phantom closely misses you.
You barely miss the phantom. Your squeeze misses the phantom.
Your hound closely misses the phantom.
Your hound barely misses the phantom.
The phantom misses you.
Unknown command.
You barely miss the phantom. Your squeeze misses the phantom.
Your hound bites the phantom but does no damage.
The phantom hits you but does no damage.
You closely miss the phantom. Your squeeze misses the phantom.
Your hound bites the phantom.
Your hound misses the phantom. The phantom closely misses your hound.
You closely miss the phantom. Your hound misses the phantom.
The phantom barely misses you.
You closely miss the phantom.
Your hound bites the phantom.
Your hound barely misses the phantom.
You closely miss the phantom. You squeeze the phantom. The phantom hits you.
Your hound barely misses the phantom.
HP[-3]
You take 3 damage, and now have 15/28 hp.
You closely miss the phantom.
Your hound bites the phantom.
The phantom barely misses your hound.
You closely miss the phantom.
Your tentacle-slap misses the phantom.
Your hound disappears in a puff of smoke!
The phantom hits you.
* * * LOW HITPOINT WARNING * * *
The phantom blinks!
You blink.
A goblin comes into view. It is wielding a +1 dagger of venom.
HP[-3]
You take 3 damage, and now have 12/28 hp.
You barely miss the phantom. The phantom hits you.
* * * LOW HITPOINT WARNING * * *
HP[-4]
You take 4 damage, and now have 8/28 hp.
You closely miss the phantom. The phantom misses you.
You closely miss the phantom.
Your rat disappears in a puff of smoke!
The phantom barely misses you.
You miss the phantom. The phantom hits you.
* * * LOW HITPOINT WARNING * * *
HP[-5]
You take 5 damage, and now have 3/28 hp.
You tentacle-slap the phantom. The phantom barely misses you.
You tentacle-slap the phantom but do no damage.
The phantom hits you.
* * * LOW HITPOINT WARNING * * *
HP[-2]
You take 2 damage, and now have 1/28 hp.
You tentacle-slap the phantom. The phantom barely misses you.
The goblin barely misses you.
You tentacle-slap the phantom but do no damage.
Your squeeze misses the phantom. The phantom hits you.
You die...

Skill      XL: |  1  2  3  4 |
---------------+-------------+-----
Summonings     | 1 2 3 |  3.6
Fighting       | |  1.0
Dodging        | |  2.0
Unarmed Combat | |  3.6
Spellcasting   | |  2.0
Transmutations | |  2.0

Action                   |  1- 3 |  4- 6 || total
-------------------------+-------+-------++-------
Melee: Unarmed           |    71 |    73 ||   144
       Constrict         |    24 |    14 ||    38
       Tentacles         |    19 |    11 ||    30
       Punch             |     4 |     1 ||     5
       Kick              |     1 |       ||     1
 Cast: Summon Small Mamm |     6 |    29 ||    35
       Beastly Appendage |     1 |     2 ||     3
       Call Canine Famil |       |     1 ||     1
  Use: Scroll            |     2 |     1 ||     3
 Stab: Sleeping          |     7 |     2 ||     9
Armor: Skin              |     8 |    13 ||    21
Dodge: Dodged            |    50 |    52 ||   102

Levels and vault maps discovered:
D:1:      kilobyte_arrival_exit_the_forest, layout_loops_ring, serial_shops,
          nicolae_shop_statue_plus, shop, nicolae_shop_advertising_works
          [nicolae_subvault_shop_adworks], shop_fountains, nrook_mini_vaults
D:2:      layout_basic, serial_shops, shop, basic_altar,
          nicolae_concentric_dashed_squares_wild
D:3:      layout_basic, hellmonk_ecumenical_altar_blasted,
          gammafunk_ghost_nasty_kobolds, kennysheep_crisscross, chequers_jeans
D:4:      layout_basic, makhleb_heckhound_becter, pf_guarded_unrand_woodcutter

Notes
Turn   | Place    | Note
-------+----------+-------------------------------------------
     0 | D:1      | zeratav the Octopode Transmuter began the quest for the
                  | Orb.
     0 | D:1      | Reached XP level 1. HP: 13/13 MP: 3/3
     0 | D:1      | magus.rc [v1.9.6]
   380 | D:1      | Found Xutira's Antique Weapon Boutique.
   600 | D:1      | Reached XP level 2. HP: 16/18 MP: 5/5
   717 | D:1      | Found Fonyeneyf's Antique Weapon Boutique.
   856 | D:1      | Found Taxaret's Armour Shoppe.
   941 | D:1      | Found Hunookki's Distillery.
  1028 | D:1      | You pick up a book of Blood and begin reading...
  1028 | D:1      | You add the spells Sublimation of Blood and Summon Hydra to
                  | your library.
  1098 | D:1      | Identified 2 scrolls of acquirement
  1098 | D:1      | Acquired the ring "Budy" {rElec rN+ SInv}
  1100 | D:1      | Acquired the Papyrus of Venom and Summoning
  1101 | D:1      | You add the spells Summon Small Mammal, Call Imp, Call
                  | Canine Familiar, Olgreb's Toxic Radiance, Summon Cactus
                  | Giant, Haunt and Malign Gateway to your library.
  1119 | D:2      | Reached skill level 1 in Summonings
  1524 | D:2      | Reached XP level 3. HP: 17/23 MP: 6/6
  1602 | D:2      | Found Xeott's Distillery.
  1730 | D:2      | Reached skill level 2 in Summonings
  1993 | D:2      | Learned a level 1 spell: Summon Small Mammal
  2243 | D:2      | Found an opulent altar of Gozag.
  2500 | D:2      | Reached XP level 4. HP: 19/28 MP: 5/7
  3002 | D:2      | Acquired 729 gold pieces
  3344 | D:3      | Reached skill level 3 in Summonings
  3513 | D:3      | Learned a level 3 spell: Call Canine Familiar
  3850 | D:3      | You pick up a book of Weapons and begin reading...
  3850 | D:3      | You add the spells Portal Projectile, Excruciating Wounds
                  | and Blade Hands to your library.
  3871 | D:3      | Found a faded altar of an unknown god.
  4010 | D:3      | Found a runed translucent gate.
  4011 | D:3      | Found a runed translucent gate.
  4011 | D:3      | Noticed a kobold brigand
  4012 | D:3      | Found a runed translucent gate.
  4294 | D:3      | Noticed Shayle's ghost (amateur TeBr)
  4423 | D:3      | You pick up a book of Displacement and begin reading...
  4423 | D:3      | You add the spells Lesser Beckoning, Gell's Gravitas and
                  | Teleport Other to your library.
  4835 | D:4      | Noticed a phantom
  4869 | D:4      | HP: 3/28 [phantom (5)]
  4871 | D:4      | HP: 1/28 [phantom (2)]
  4873 | D:4      | Slain by a phantom

Vanquished Creatures
  3 adders
  2 worms (D:3)
  2 dart slugs (D:2)
  An orc (D:3)
  8 ball pythons
  3 giant cockroaches
  6 goblins
  2 hobgoblins
  6 kobolds
  5 quokkas
  3 bats
  2 frilled lizards
  5 rats
48 creatures vanquished.

Vanquished Creatures (collateral kills)
  An adder (D:3)
  2 orcs (D:4)
  A ball python (D:2)
4 creatures vanquished.

Vanquished Creatures (others)
  3 fungi (D:3)
  A plant (D:3)
4 creatures vanquished.

Grand Total: 56 creatures vanquished

Table legend:
 A = Non-vault XP
 B = Vault XP
 C = Vault XP percentage of total XP
 D = Non-vault monster count
 E = Vault monster count
 F = Vault count percentage of total count
                 A         B        C        D         E       F
            +---------+---------+-------+---------+---------+-------
      Total |     149 |       0 |   0.0 |      52 |       0 |   0.0
            +---------+---------+-------+---------+---------+-------
        D:1 |      16 |       0 |   0.0 |      10 |       0 |   0.0
        D:2 |      66 |       0 |   0.0 |      22 |       0 |   0.0
        D:3 |      61 |       0 |   0.0 |      18 |       0 |   0.0
        D:4 |       6 |       0 |   0.0 |       2 |       0 |   0.0
            +---------+---------+-------+---------+---------+-------

Illustrated notes

Table legend:
 A = Kills in this place as a percentage of kills in entire the game.
 B = Kills by you in this place as a percentage of kills by you in the entire game.
 C = Kills by friends in this place as a percentage of kills by friends in the entire game.
 D = Other kills in this place as a percentage of other kills in the entire game.
 E = Experience gained in this place as a percentage of experience gained in the entire game.
 F = Experience gained in this place divided by the number of levels of this place that you have seen.
                   A       B       C       D       E      F
               +-------+-------+-------+-------+-------+----------------------
         Total | 100.0 | 100.0 | 100.0 |   N/A | 100.0 |  37.2
       Dungeon | 100.0 | 100.0 | 100.0 |   N/A | 100.0 |  37.2
               +-------+-------+-------+-------+-------+----------------------

Table legend: (Time is in decaauts)
 A = Elapsed time spent in this place.
 B = Non-inter-level travel time spent in this place.
 C = Inter-level travel time spent in this place.
 D = Time resting spent in this place.
 E = Time spent auto-exploring this place.
 F = Levels seen in this place.
 G = Mean time per level.
                   A        B        C        D        E       F      G
               +--------+--------+--------+--------+--------+-----+--------+
         Total |   4862 |   4742 |    120 |    627 |   3604 |   4 | 1215.5 |
       Dungeon |   4862 |   4742 |    120 |    627 |   3604 |   4 | 1215.5 |
               +--------+--------+--------+--------+--------+-----+--------+

Top non-repeatable levels by time:
     D:2: 1737 daAuts
     D:3: 1536 daAuts
     D:1: 1294 daAuts
     D:4: 295 daAuts
